 Dungeon Crawl Stone Soup version 0.31-a0-1206-g41278d8d1d (webtiles) character file.

Game seed: 15310560525531377724

11915 MachoJfn the Cleaver (level 11, -9/86 HPs)
             Began as a Demonspawn Gladiator on Dec 13, 2023.
             Was a High Priest of Trog.
             Mangled by a tengu warrior
             ... wielding a +1 war axe
              (12 damage)
             ... on level 11 of the Dungeon.
             The game lasted 00:37:42 (13519 turns).

MachoJfn the Cleaver (Demonspawn Gladiator)        Turns: 13519, Time: 00:37:43

Health: -9/86      AC: 18    Str: 19    XL:     11   Next: 55%
Magic:  0/9        EV: 12    Int: 15    God:    Trog [*****.]
Gold:   435        SH:  0    Dex: 27    Spells: 10/10 levels left

rFire   . . .        A - +4 broad axe (venom)
rCold   . . .        (no shield)
rNeg    . . .        w - +0 chain mail
rPois   .            k - +0 helmet
rElec   .            (no cloak)
rCorr   .            l - +0 pair of gloves
SInv    .            M - +0 pair of boots
Will    ++...        q - amulet of Naesyap {RegenMP Dex+7} Stlth
                     i - +6 ring of intelligence
HPRegen 2.34/turn    J - +6 ring of dexterity
MPRegen 0.62/turn

%: guardian spirit
@: lethally poisoned (-9 -> -21), strong-willed, on berserk cooldown,
regenerating, slowed, very slow
A: slimy green scales 2, powered by death 3, magic shield, magic regeneration,
low MP 1
a: Renounce Religion, Berserk, Trog's Hand, Brothers in Arms


You were on level 11 of the Dungeon.
You worshipped Trog.
Trog was extremely pleased with you.
You visited 1 branch of the dungeon, and saw 11 of its levels.
You also visited: Sewer.

You collected 585 gold pieces.
You spent 150 gold pieces at shops.

Inventory:

Hand Weapons
 a - a +1 war axe
 A - a +4 broad axe of venom (weapon)
 B - the +8 quarterstaff "Rutojil" {flame, Int+2}
   (You found it on level 8 of the Dungeon)

   Int+2:     It affects your intelligence (+2).
Missiles
 d - 3 throwing nets (quivered)
 e - a javelin
 g - 117 stones
 m - 55 poisoned darts
 r - 3 curare-tipped darts
Armour
 k - a +0 helmet (worn)
 l - a +0 pair of gloves (worn)
 w - a +0 chain mail (worn)
 M - a +0 pair of boots (worn)
Jewellery
 h - a ring of ice
 i - a +6 ring of intelligence (left hand)
 n - an amulet of regeneration
 q - the amulet of Naesyap (around neck) {RegenMP Dex+7}
   (You found it on level 8 of the Dungeon)

   [amulet of magic regeneration]

   RegenMP:   It increases your rate of magic regeneration.
   Dex+7:     It affects your dexterity (+7).
 G - a ring of ice
 H - a ring of willpower
 J - a +6 ring of dexterity (right hand)
Wands
 p - a wand of polymorph (6)
 t - a wand of paralysis (12)
 v - a wand of quicksilver (11)
 D - a wand of roots (10)
Scrolls
 b - a scroll of immolation
 s - 3 scrolls of fear
 x - 2 scrolls of fog
 y - 5 scrolls of teleportation
 I - a scroll of torment
 L - 2 scrolls of poison
 N - a scroll of silence
Potions
 c - a potion of curing
 f - 2 potions of attraction
 j - 2 potions of lignification
 u - 2 potions of enlightenment
 z - a potion of brilliance
 C - 2 potions of mutation
 E - 3 potions of might
 F - 2 potions of ambrosia
 K - a potion of cancellation


   Skills:
 + Level 8.1 Fighting
 + Level 12.4 Axes
 - Level 1.8 Throwing
 + Level 8.4 Armour
 + Level 5.2 Dodging


You had 10 spell levels left.
You didn't know any spells.
Your spell library contained the following spells:

 Spells                   Type           Power      Damage    Failure   Level
 Magic Dart               Conj           0%         1d3       86%         1
 Searing Ray              Conj           0%         2d4       95%         2
 Fulminant Prism          Conj/Hex       0%         3d5       100%        4


Dungeon Overview and Level Annotations

Branches:
Dungeon (11/15)            Temple (0/1) D:6            Lair (0/5) D:9
    Orc (0/2) D:11          Sewer (visited)

Altars:
Ashenzari
Cheibriados
Dithmenos
Fedhas
Gozag
Hepliaklqana
Ru
Sif Muna
Trog
Wu Jian
Yredelemnul

Shops:
D:5 [*=*:

Annotations:
D:7 1 runed translucent door, soberseth's ghost, novice MiFi


Innate Abilities, Weirdness & Mutations

You are mostly covered in slimy green scales. (AC +3)
You regenerate a lot of health from kills.
When hurt, damage is shared between your health and your magic reserves.
You regenerate magic rapidly.
Your magical capacity is low. (-10% MP)


Message History

The troll claws you.
* * * LOW HITPOINT WARNING * * *
You feel better.
The orc priest shouts!
The troll changes into a cane toad!
The tengu warrior hits you with a +1 war axe.
* * * LOW HITPOINT WARNING * * *
The tengu warrior barely misses you. The tengu warrior claws you.
* * * LOW HITPOINT WARNING * * *
The gnoll sergeant hits you but does no damage.
You are poisoned.
The tengu warrior hits you with a +1 war axe.
* * * LOW HITPOINT WARNING * * *
The tengu warrior closely misses you.
The tengu warrior claws you but does no damage.
The gnoll sergeant hits you but does no damage.
The tengu warrior blocks your attack.
The tengu warrior is severely wounded.
You slash the cane toad!
You feel very sick. The gnoll sergeant closely misses you.
The tengu warrior slips past you!
The tengu warrior completely misses you.
The tengu warrior pecks you but does no damage.
The tengu warrior claws you but does no damage.
The cane toad closely misses you.
You feel better.
The cane toad stings you but does no damage.
The tengu warrior hits you with a +1 war axe.
* * * LOW HITPOINT WARNING * * *
The tengu warrior completely misses you.
The tengu warrior closely misses you. The gnoll sergeant barely misses you.
The orc priest looks satisfied for a moment.
The gnoll sergeant hits you but does no damage.
You are poisoned.
The cane toad stings you!
* * * LOW HITPOINT WARNING * * *
You are lethally poisoned!
The cane toad poisons you!
The tengu warrior hits you with a +1 war axe!
You die...

...###########.# ####....#
#.#
####....######.###########
.........................#
####.........#.#....)..#.#
#...###.........##..#.#
#...# ####...####.#.#.#
#...##...#####)..##)#.#
#.#..#.....gQ@.))#....####
#.#..#..#...F.#..#.......#
#.#..##..#####..##....####
#.....# #o.#..#.[# ###...#
#..#...).# ##..#
#..#.....# #..##
#..##....# #..# #..#..#.#
#..# #††#.#


You could see a tengu warrior (very poisoned), a cane toad shaped shifter, a
gnoll sergeant and an orc priest.

Vanquished Creatures
  A two-headed ogre (D:10)
  A boulder beetle (D:10)
  An orc knight (D:11)
  A manticore (D:11)
  5 unseen horrors
  2 trolls
  A shadow (D:10)
  15 yaks
  2 wraiths (D:11)
  4 wyverns
  A vampire (D:11)
  3 wargs (D:9)
  2 acid dragons
  2 water moccasins (D:7)
  2 sky beasts
  2 ice beasts
  A black bear (D:7)
  7 orc warriors
  6 centaurs
  3 ogres
  A phantom (D:6)
  10 kobold brigands
  3 bullfrogs
  3 gnoll sergeants
  2 howler monkeys
  2 jellies
  A gnoll bouda (D:7)
  8 orc priests
  2 hounds
  2 sleepcaps
  Natasha (D:2)
  4 iguanas
  5 orc wizards
  21 gnolls
  7 adders
  A river rat (Sewer)
  A shadow imp (D:6)
  4 white imps
  6 worms
  5 dart slugs
  48 orcs
  13 endoplasms
  11 giant cockroaches
  7 hobgoblins
  3 quokkas
  10 ball pythons
  3 bats
  A frilled lizard (D:2)
  6 goblins
  22 kobolds
  15 rats
290 creatures vanquished.

Notes
Turn   | Place    | Note
-------+----------+-------------------------------------------
     0 | D:1      | MachoJfn the Demonspawn Gladiator began the quest for the
                  | Orb.
     0 | D:1      | Reached XP level 1. HP: 16/16 MP: 1/1
   165 | D:1      | Reached skill level 3 in Axes
   165 | D:1      | Gained mutation: You regenerate magic rapidly. [demonic
                  | ancestry]
   165 | D:1      | Reached XP level 2. HP: 14/22 MP: 2/2
   349 | D:1      | Found a faded altar of an unknown god.
   475 | D:1      | Prayed at the altar of an unknown god.
   475 | D:1      | Became a worshipper of Trog the Wrathful
   475 | D:1      | Reached * piety under Trog
   601 | D:2      | Gained mutation: You are partially covered in slimy green
                  | scales. (AC +2) [demonic ancestry]
   601 | D:2      | Reached XP level 3. HP: 27/27 MP: 3/3
  1014 | D:2      | Noticed Natasha
  1032 | D:2      | HP: 1/27 [Natasha (6)]
  1038 | D:2      | Killed Natasha
  1039 | D:2      | Gained mutation: When hurt, damage is shared between your
                  | health and your magic reserves. [demonic ancestry]
  1039 | D:2      | Reached XP level 4. HP: 16/34 MP: 4/4
  1343 | D:3      | Found a snail-covered altar of Cheibriados.
  1443 | D:3      | Reached ** piety under Trog
  1444 | D:3      | Reached skill level 1 in Armour
  1542 | D:3      | Noticed a moth of wrath
  1544 | D:3      | Found a bloodstained altar of Trog.
  1604 | D:3      | Reached skill level 4 in Axes
  1609 | D:3      | Found a shadowy altar of Dithmenos.
  1741 | D:3      | Found a faded altar of an unknown god.
  1741 | D:3      | Found a faded altar of an unknown god.
  1743 | D:3      | Found a hazy altar of Hepliaklqana.
  2154 | D:4      | Noticed an ice beast
  2155 | D:4      | Found a glowing drain.
  2167 | D:4      | Killed an ice beast
  2168 | D:4      | Gained mutation: You regenerate a little health from kills.
                  | [demonic ancestry]
  2168 | D:4      | Reached XP level 5. HP: 27/39 MP: 2/5
  2214 | Sewer    | Entered a sewer
  2266 | Sewer    | Reached skill level 5 in Axes
  2266 | Sewer    | Reached XP level 6. HP: 36/46 MP: 6/6
  2851 | Sewer    | Reached *** piety under Trog
  2971 | Sewer    | Reached XP level 7. HP: 43/52 MP: 7/7
  3173 | Sewer    | Reached skill level 6 in Axes
  3454 | D:4      | Found an ornate altar of the Wu Jian Council.
  3454 | D:4      | Found a basalt altar of Yredelemnul.
  3656 | D:5      | Entered Level 5 of the Dungeon
  3667 | D:5      | Found Okithoschy's General Store.
  3776 | D:5      | Reached XP level 8. HP: 13/60 MP: 1/8
  3943 | D:5      | Found a blossoming altar of Fedhas.
  4093 | D:5      | Found Cadaos's Antique Armour Shop.
  4180 | D:5      | Found Axkuam's Jewellery Shop.
  4214 | D:5      | Reached skill level 7 in Axes
  4422 | D:5      | Found Qiduuces's Book Shop.
  4501 | D:5      | Found Totaemoj's Assorted Antiques.
  4522 | D:5      | Bought a wooden ring for 150 gold pieces
  5027 | D:6      | You fall into a shaft and drop 3 floors!
  5177 | D:9      | Reached **** piety under Trog
  5179 | D:9      | Reached skill level 8 in Axes
  5271 | D:9      | Gained mutation: You regenerate health from kills. [demonic
                  | ancestry]
  5271 | D:9      | Reached XP level 9. HP: 39/67 MP: 6/9
  5418 | D:8      | Reached skill level 5 in Armour
  5534 | D:8      | Found a shimmering blue altar of Sif Muna.
  5546 | D:8      | Found a broken altar of Ashenzari.
  5681 | D:8      | Reached skill level 5 in Fighting
  5773 | D:8      | Reached skill level 9 in Axes
  5781 | D:8      | Identified the amulet of Naesyap {RegenMP Dex+7}
  6690 | D:7      | Found a runed translucent door.
  6690 | D:7      | Noticed soberseth's ghost (novice MiFi)
  7635 | D:6      | Found a staircase to the Ecumenical Temple.
  8298 | D:8      | Found a sacrificial altar of Ru.
  8341 | D:8      | Found an opulent altar of Gozag.
  8464 | D:8      | Identified the +8 quarterstaff "Rutojil" {flame, Int+2}
  8645 | D:8      | Reached skill level 10 in Axes
  9122 | D:9      | Gained mutation: You are mostly covered in slimy green
                  | scales. (AC +3) [demonic ancestry]
  9122 | D:9      | Reached XP level 10. HP: 49/76 MP: 10/10
  9565 | D:9      | Found a staircase to the Lair.
  9702 | D:9      | Identified a scroll of acquirement
  9702 | D:9      | Acquired a +4 broad axe of venom
  9904 | D:9      | Reached skill level 11 in Axes
 10143 | D:9      | Gained mutation: Your magical capacity is low. (-10% MP)
                  | [potion of mutation]
 10926 | D:10     | Entered Level 10 of the Dungeon
 11377 | D:10     | Noticed a boulder beetle
 11393 | D:10     | Killed a boulder beetle
 11664 | D:10     | Noticed a two-headed ogre
 11672 | D:10     | Killed a two-headed ogre
 11673 | D:10     | Reached skill level 5 in Dodging
 11673 | D:10     | Gained mutation: You regenerate a lot of health from kills.
                  | [demonic ancestry]
 11673 | D:10     | Reached XP level 11. HP: 44/84 MP: 6/9
 12505 | D:11     | Found a staircase to the Orcish Mines.
 12523 | D:11     | Reached ***** piety under Trog
 13335 | D:11     | Reached skill level 12 in Axes
 13424 | D:11     | Noticed an orc knight
 13437 | D:11     | Killed an orc knight
 13499 | D:11     | Noticed a tengu warrior
 13516 | D:11     | HP: 4/86 [troll (shapeshifter) (2)]
 13519 | D:11     | Mangled by a tengu warrior

Illustrated notes

Levels and vault maps discovered:
D:1:      dpeg_arrival_tiny_d, layout_rooms,
          shapermc_ecumenical_altar_totnotflames
D:2:      layout_loops_ring, uniq_natasha
D:3:      layout_loops_cross, tgw_trog, mainiacjoe_overflow_brackets,
          nicolae_hepliaklqana_ecumenical_no_more,
          nicolae_dithmenos_the_darkroom, st_stairs_11
D:4:      layout_basic, gammafunk_temple_overflow_elements, portal_sewer_entry_f
D:5:      layout_loops_ring, fedhas_ov_isle_minmay, serial_shops,
          nicolae_take_the_stairs, shop, shop, nicolae_diamond_shop, shop,
          serial_aquarium, aquarium_bridge_island_small
          [aquarium_subvault_small_open, aquarium_subvault_bridge,
          aquarium_subvault_wall, aquarium_subvault_bridge,
          aquarium_subvault_bridge], aquarium_window_1, aquarium_window_fake,
          aquarium_window_2, aquarium_window_1, aquarium_view_2e,
          aquarium_balcony_5b, aquarium_pool_side
D:6:      layout_gridville, minmay_temple_entry_glassed_door,
          serial_library_hellmonk_hallway_b, kb_lookout_dungeons_type
D:7:      layout_loops_ring, gammafunk_ghost_grave
D:8:      layout_basic, mainiacjoe_overflow_paths, kennysheep_mini_moat,
          overflow_temple_1_default, mainiacjoe_overflow_alcove_1,
          minmay_misc_feat_enclosed
D:9:      layout_basic, erik_lair_orcish_takeover, corexii_checkpoint,
          kennysheep_nondescript, grunt_ministairs_5
D:10:     layout_basic, nzn_sisyphean_effort
D:11:     layout_basic, david_orc_2, minmay_pinched_square

Skill      XL: |  1  2  3  4  5  6  7  8  9 10 11 |
---------------+----------------------------------+-----
Axes           | 3 4 5 6 8 10 11 12 | 12.4
Dodging        | 3 4 5 |  5.2
Armour         | 1 2 3 4 6 7 8 |  8.4
Fighting       | 3 4 6 7 8 |  8.1
Throwing       | |  1.8

Action                     |  1- 3 |  4- 6 |  7- 9 | 10-12 || total
---------------------------+-------+-------+-------+-------++-------
  Melee: War axe           |    91 |   195 |   488 |    93 ||   867
         Punch             |     2 |     4 |     5 |     5 ||    16
         Broad axe         |       |       |       |   204 ||   204
 Invoke: Berserk           |       |     1 |     6 |     4 ||    11
         Trog's Hand       |       |       |     4 |     1 ||     5
    Use: Scroll            |     3 |       |     8 |     5 ||    16
         Potion            |     2 |       |     5 |     4 ||    11
   Stab: Sleeping          |     1 |       |       |       ||     1
 Armour: Leather armour    |    25 |       |       |       ||    25
         Scale mail        |    47 |   126 |   360 |       ||   533
         Skin              |     6 |       |       |       ||     6
         Chain mail        |       |       |    60 |   371 ||   431
  Dodge: Dodged            |    53 |   110 |   290 |   162 ||   615

Table legend: (Time is in decaauts)
 A = Elapsed time spent in this place.
 B = Non-inter-level travel time spent in this place.
 C = Inter-level travel time spent in this place.
 D = Time resting spent in this place.
 E = Time spent auto-exploring this place.
 F = Levels seen in this place.
 G = Mean time per level.
                   A        B        C        D        E       F      G
               +--------+--------+--------+--------+--------+-----+--------+
         Total |  13878 |  12806 |   1072 |   4591 |   5602 |  12 | 1156.5 |
       Dungeon |  12567 |  11495 |   1072 |   4211 |   5077 |  11 | 1142.5 |
         Sewer |   1311 |   1311 |      0 |    379 |    524 |   1 | 1311.0 |
               +--------+--------+--------+--------+--------+-----+--------+

Top non-repeatable levels by time:
     D:9: 2240 daAuts
     D:8: 1532 daAuts
     D:7: 1497 daAuts
    D:11: 1432 daAuts
   Sewer: 1311 daAuts
     D:5: 1212 daAuts
    D:10: 1173 daAuts
     D:6: 859 daAuts
     D:3: 790 daAuts
     D:2: 765 daAuts
     D:4: 563 daAuts
     D:1: 497 daAuts
